 Seeded DCSS version 0.29.1-12-g30fa7ad0bf (webtiles) character file.

Game seed: 18334199546629406935 (custom seed)

5 OTABOTABOTAB the Insei (level 1, 13/13 HPs)
             Began as an Octopode Transmuter on Jan 10, 2023.
             Quit the game on level 1 of the Dungeon.
             The game lasted 00:00:48 (395 turns).

OTABOTABOTAB the Insei (Octopode Transmuter)         Turns: 395, Time: 00:00:49

Health: 13/13      AC:  1    Str:  9    XL:     1   Next: 80%
Magic:  3/3        EV: 13    Int: 15    God:
Gold:   8          SH:  0    Dex: 12    Spells: 3/4 levels left

rFire   . . .      SeeInvis .   b - +4 whip
rCold   . . .      Faith    .   (no shield)
rNeg    . . .      Spirit   .   (helmet restricted)
rPois   .          Reflect  .   (no amulet)
rElec   .          Harm     .   (no ring)
rCorr   .          Rampage  .   (no ring)
Will    .....                   (no ring)
Stlth   ++........              (no ring)
HPRegen 0.04/turn               (no ring)
MPRegen 0.08/turn               (no ring)
                                (no ring)
                                (no ring)

@: no status effects
A: almost no armour, amphibious, 8 rings, camouflage 1, gelatinous body 1,
(nimble swimmer 1), tentacles
a: no special abilities


You were on level 1 of the Dungeon.
You visited 1 branch of the dungeon, and saw 1 of its levels.

You collected 8 gold pieces.

Inventory:

Hand Weapons
 b - a +4 whip (weapon)
   (You took it off a kobold on level 1 of the Dungeon)
Potions
 a - a potion of curing {unknown}
 c - a potion of attraction {unknown}
 P - a potion of lignification {!q}


   Skills:
 + Level 1.2 Fighting
 - Level 2.0 Dodging
 + Level 3.1 Unarmed Combat
 - Level 2.0 Spellcasting
 + Level 2.1 Transmutations
 + Level 0.4 Ice Magic


You had 3 spell levels left.
You knew the following spells:

 Your Spells              Type           Power      Damage    Failure   Level
a - Beastly Appendage     Tmut           14%        N/A       10%         1

Your spell library contained the following spells:

 Spells                   Type           Power      Damage    Failure   Level
 Wereblood                Tmut           7%         N/A       14%         2
 Slow                     Hex            4%         N/A       22%         1
 Spider Form              Tmut/Pois      4%         N/A       41%         3
 Confusing Touch          Hex            1%         N/A       54%         3
 Vampiric Draining        Necr           1%         2d6       54%         3
 Ice Form                 Ice/Tmut       5%         N/A       78%         4


Dungeon Overview and Level Annotations

Branches:
Dungeon (1/15)

Altars:


Innate Abilities, Weirdness & Mutations

You cannot wear most types of armour.
You are amphibious.
You can wear up to eight rings at the same time.
Your skin changes colour to match your surroundings (Stealth+).
Your rubbery body absorbs attacks. (AC +1, EV +1)
((You are camouflaged when in or above water. (Stealth+)))
You have tentacles for arms and can constrict up to eight enemies at once.


Message History

Bad channel name for runrest: 'Jiyva says: Divide and consume' Welcome, OTABOTABOTAB the Octopode Transmuter.
Game seed: 18334199546629406935 (custom seed)
Found a staircase leading out of the dungeon.
a - an inky potion You open the door.
There is an open door here.
A kobold comes into view. It is wielding a +4 whip.
One of your tentacles grows a vicious spike.
You now have 2/3 mp.
The helpless kobold fails to defend itself.
You tentacle-slap the kobold but do no damage.
Your grab misses the kobold.
You pierce the kobold.
You kill the kobold!
Unknown command.
No target in view!
Things that are here:
a +4 whip; a kobold corpse
b - a +4 whip
b - a +4 whip (weapon)
Your tentacle spike disappears.
A giant cockroach comes into view.
MP restored: 3 The giant cockroach misses you.
You hit the giant cockroach.
You kill the giant cockroach!
No target in view!
No target in view!
You now have 8 gold pieces.
c - a black potion A hobgoblin comes into view.
A quokka comes into view.
The hobgoblin shouts!
One of your tentacles grows a vicious spike.
You now have 2/3 mp.
The hobgoblin misses you.
You closely miss the hobgoblin. Your grab misses the hobgoblin.
You pierce the hobgoblin, but do no damage.
The hobgoblin closely misses you.
You hit the hobgoblin. Your grab misses the hobgoblin. The hobgoblin hits you.
You take 5 damage, and have 8/13 hp.
MASSIVE DAMAGE!!
You hit the hobgoblin. You grab the hobgoblin.
You pierce the hobgoblin, but do no damage.
Your transformation is almost over.
You constrict the hobgoblin, but do no damage.
The hobgoblin hits you but does no damage.
You hit the hobgoblin.
You kill the hobgoblin!
The quokka misses you.
You closely miss the quokka. Your grab misses the quokka.
You tentacle-slap the quokka. Your squeeze misses the quokka.
The quokka bites you.
You take 1 damage, and have 7/13 hp.
You closely miss the quokka. Your grab misses the quokka. The quokka bites you.
You take 1 damage, and have 6/13 hp.
You hit the quokka.
You kill the quokka!
Your tentacle spike disappears.
Things that are here:
a quokka corpse; a hobgoblin corpse You pick up a book of Debilitation and begin reading...
You add the spells Slow, Vampiric Draining and Confusing Touch to your library.
Health restored: 13; MP restored: 3 You see here a +0 club.
A ball python comes into view.
A ball python is nearby!
One of your tentacles grows a vicious spike.
You now have 2/3 mp.
Unknown command.
The ball python hisses angrily.
You hit the ball python. Your grab misses the ball python.
Your tentacle spike misses the ball python.
You squeeze the ball python.
You kill the ball python!
No target in view!
Unknown command.
No target in view!
Your transformation is almost over.
You see here a ball python corpse.
Your tentacle spike disappears.
A bat comes into view.
MP restored: 3 Sorry, you're not good enough to have a special ability.
Unknown command.
Okay, then.
Unknown command.
Unknown command.

#.. b.. #.# #.# #.#
#.# #.# #.# #.# #.#
#.# #.# #.# #.# #.#
#@# #.#####÷# #.#
#........ ##.##
#######.#
#...#############.#
#...†..............
#...#############..
##### ###


You could see a bat (asleep).

Vanquished Creatures
  A giant cockroach (D:1)
  A hobgoblin (D:1)
  A quokka (D:1)
  A ball python (D:1)
  A kobold (D:1)
5 creatures vanquished.

Notes
Turn   | Place    | Note
-------+----------+-------------------------------------------
     0 | D:1      | OTABOTABOTAB the Octopode Transmuter began the quest for
                  | the Orb.
     0 | D:1      | Reached XP level 1. HP: 13/13 MP: 3/3
   395 | D:1      | Quit the game

Illustrated notes

Levels and vault maps discovered:
D:1:      shiori_shiawase, layout_loops_ring, st_stairs_7

Action                   || total
-------------------------++-------
Melee: Whip              ||     9
       Kick              ||     3
       Unarmed           ||     1
       Constrict         ||     1
       Punch             ||     1
       Tentacles         ||     1
 Cast: Beastly Appendage ||     3
 Abil: End Transformatio ||     1
 Stab: Sleeping          ||     1
Armor: Skin              ||     1
Dodge: Dodged            ||     4

Table legend: (Time is in decaauts)
 A = Elapsed time spent in this place.
 B = Non-inter-level travel time spent in this place.
 C = Inter-level travel time spent in this place.
 D = Time resting spent in this place.
 E = Time spent auto-exploring this place.
 F = Levels seen in this place.
 G = Mean time per level.
                   A        B        C        D        E       F      G
               +--------+--------+--------+--------+--------+-----+--------+
         Total |    395 |    395 |      0 |      0 |    357 |   1 |  395.0 |
       Dungeon |    395 |    395 |      0 |      0 |    357 |   1 |  395.0 |
               +--------+--------+--------+--------+--------+-----+--------+

Top non-repeatable levels by time:
     D:1: 395 daAuts

Table legend:
 A = Kills in this place as a percentage of kills in entire the game.
 B = Kills by you in this place as a percentage of kills by you in the entire game.
 C = Kills by friends in this place as a percentage of kills by friends in the entire game.
 D = Other kills in this place as a percentage of other kills in the entire game.
 E = Experience gained in this place as a percentage of experience gained in the entire game.
 F = Experience gained in this place divided by the number of levels of this place that you have seen.
                   A       B       C       D       E      F
               +-------+-------+-------+-------+-------+----------------------
         Total | 100.0 | 100.0 |   N/A |   N/A | 100.0 |   8.0
       Dungeon | 100.0 | 100.0 |   N/A |   N/A | 100.0 |   8.0
               +-------+-------+-------+-------+-------+----------------------
